 Dungeon Crawl Stone Soup version 0.27-a0-1154-gfdeffcb720 (webtiles) character file.

Game seed: 11578040935077878709

114 leviel the Chopper (level 4, -8/40 HPs)
             Began as a Minotaur Fighter on May 14, 2021.
             Killed by divine providence
             ... invoked by an orc priest
              (10 damage)
             ... on level 3 of the Dungeon.
             The game lasted 00:01:29 (1739 turns).

leviel the Chopper (Minotaur Fighter)               Turns: 1739, Time: 00:01:31

Health: -8/40      AC:  7    Str: 22    XL:     4   Next: 67%
Magic:  3/3        EV:  7    Int:  5    God:
Gold:   123        SH:  9    Dex:  9    Spells: 3/3 levels left

rFire    . . .     SeeInvis .   a - +0 war axe
rCold    . . .     Faith    .   c - +0 kite shield
rNeg     . . .     Spirit   .   b - +0 scale mail
rPois    .         Reflect  .   (helmet restricted)
rElec    .         Harm     .   (no cloak)
rCorr    .         Rampage  .   (no gloves)
Will     .....                  (no boots)
Stlth    ..........             (no amulet)
HPRegen  0.13/turn              (no ring)
MPRegen  0.08/turn              (no ring)

@: no status effects
A: horns 2, retaliatory headbutt
a: no special abilities


You were on level 3 of the Dungeon.
You visited 1 branch of the dungeon, and saw 3 of its levels.

You collected 123 gold pieces.

Inventory:

Hand Weapons
 a - a +0 war axe (weapon)
Armour
 b - a +0 scale mail (worn)
 c - a +0 kite shield (worn)
Scrolls
 e - 2 scrolls of noise {unknown}
 g - a scroll of silence {unknown}
 h - a scroll of summoning {unknown}
 i - a scroll of enchant weapon {unknown}
 j - a scroll of immolation {unknown}
 l - a scroll of identify {unknown}
 n - a scroll of enchant armour {unknown}
Potions
 d - a potion of might
 f - 3 potions of curing {unknown}
 k - a potion of experience {unknown}
 m - a potion of lignification {unknown}


   Skills:
 + Level 4.1 Fighting
 * Level 4.4 Axes
 + Level 4.4 Armour
 + Level 0.2 Dodging
 + Level 4.3 Shields


You had 3 spell levels left.
You didn't know any spells.
Your spell library was empty.

Dungeon Overview and Level Annotations

Branches:
Dungeon (3/15)

Altars:
Sif Muna


Innate Abilities, Weirdness & Mutations

You have a pair of horns on your head.
You reflexively headbutt those who attack you in melee.


Message History

You are too injured to fight recklessly!
You are too injured to fight recklessly!
You are too injured to fight recklessly!
You are too injured to fight recklessly!
You are too injured to fight recklessly!
You are too injured to fight recklessly!
You are too injured to fight recklessly!
You are too injured to fight recklessly!
You are too injured to fight recklessly!
Unknown command.
You are too injured to fight recklessly!
Your shield and scale mail prevent you from hitting the orc.
You block the orc's attack. The orc hits you with a +0 flail.
You hit the orc. You headbutt the orc.
You kill the orc!
You barely miss the orc. The orc hits you but does no damage.
The orc priest begins to cast a cantrip, but forgets the words!
The orc barely misses you.
The orc priest hits you but does no damage.
Things that are here:
a +0 dagger; 4 boomerangs of dispersal; an orc corpse You slash the orc priest!
The orc priest is heavily wounded.
You hit the orc but do no damage. The orc hits you with a +0 flail.
The orc priest looks braver for a moment.
You block the orc's attack.
You closely miss the orc priest.
The orc priest is heavily wounded.
You slash the orc!
You kill the orc!
The orc priest closely misses you.
The orc priest hits you but does no damage.
You hit the orc priest.
The orc priest is almost dead.
The orc priest invokes the aid of Beogh against you.
Beogh smites you!
* * * LOW HITPOINT WARNING * * *
The orc priest invokes the aid of Beogh against you.
Beogh smites you!
You die...

####### #......
#.####. ###########
#.# #. #.........# #.#
#.
#.........######.####.
+........†'.........>.
#........)############
#...o@....#
#...$)....# ###
#...........# ..#
##+###......# #.#
#......# #.# #......#
#.# #. ##.# ########
#.# .....# #.. #.#..#
#.#


You could see an orc priest.

Vanquished Creatures
  4 adders
  2 worms
  2 dart slugs (D:1)
  3 orcs (D:3)
  7 ball pythons
  6 endoplasms
  3 giant cockroaches
  3 goblins
  6 hobgoblins
  10 jackals
  3 kobolds
  2 quokkas
  2 bats (D:1)
  2 frilled lizards (D:2)
  7 rats
62 creatures vanquished.

Notes
Turn   | Place    | Note
-------+----------+-------------------------------------------
     0 | D:1      | leviel the Minotaur Fighter began the quest for the Orb.
     0 | D:1      | Reached XP level 1. HP: 19/19 MP: 0/0
   137 | D:1      | Found a faded altar of an unknown god.
   156 | D:1      | Reached XP level 2. HP: 27/27 MP: 1/1
   486 | D:1      | Reached XP level 3. HP: 31/33 MP: 2/2
   986 | D:2      | Reached XP level 4. HP: 32/40 MP: 3/3
  1530 | D:3      | Found a shimmering blue altar of Sif Muna.
  1739 | D:3      | HP: 2/40 [orc priest/divine providence (11)]
  1739 | D:3      | Killed from afar by an orc priest

Illustrated notes

Levels and vault maps discovered:
D:1:      lemuel_arrival_funnel, layout_basic,
          hellmonk_ecumenical_altar_run_dry, minmay_fountain_box
D:2:      layout_loops_ring
D:3:      layout_basic, lemuel_crystal_altar, hangedman_abyss_or_decor_stabs,
          grunt_decor_resistance

Skill      XL: |  1  2  3  4 |
---------------+-------------+-----
Fighting       | 4 |  4.1
Shields        | 4 |  4.3
Armour         | 4 |  4.4
Axes           | 3 4 |  4.4
Dodging        | |  0.2

Action                   |  1- 3 |  4- 6 || total
-------------------------+-------+-------++-------
Melee: War axe           |    86 |    37 ||   123
       Headbutt          |    13 |     9 ||    22
Armor: Scale mail        |    47 |    10 ||    57
Dodge: Dodged            |    18 |    13 ||    31
Block: Kite shield       |    42 |    19 ||    61

Table legend: (Time is in decaauts)
 A = Elapsed time spent in this place.
 B = Non-inter-level travel time spent in this place.
 C = Inter-level travel time spent in this place.
 D = Time resting spent in this place.
 E = Time spent auto-exploring this place.
 F = Levels seen in this place.
 G = Mean time per level.
                   A        B        C        D        E       F      G
               +--------+--------+--------+--------+--------+-----+--------+
         Total |   1806 |   1783 |     23 |      0 |   1465 |   3 |  602.0 |
       Dungeon |   1806 |   1783 |     23 |      0 |   1465 |   3 |  602.0 |
               +--------+--------+--------+--------+--------+-----+--------+

Top non-repeatable levels by time:
     D:1: 765 daAuts
     D:2: 718 daAuts
     D:3: 323 daAuts
